 Dungeon Crawl Stone Soup version 0.20-a0-507-gc86f373 (webtiles) character file.

1145 Klosterheim the Destroyer (level 8, -6/41 HPs)
             Began as a Deep Elf Wizard on Jan 21, 2017.
             Mangled by a hornet zombie (10 damage)
             ... on level 6 of the Dungeon.
             The game lasted 00:16:09 (6619 turns).

Klosterheim the Destroyer (Deep Elf Wizard)         Turns: 6619, Time: 00:16:10

Health: -6/41      AC:  7    Str:  4    XL:     8   Next: 15%
Magic:  4/22       EV: 13    Int: 26    God:
Gold:   168        SH:  0    Dex: 16    Spells: 13/23 levels left

rFire    . . .     SeeInvis .   v - staff of cold
rCold    + . .     Gourm    .   a - +0 robe
rNeg     . . .     Faith    .   (no shield)
rPois    .         Spirit   .   b - +0 hat
rElec    +         Reflect  .   u - +2 cloak {+Inv}
rCorr    .         Harm     .   E - +1 pair of gloves "Qovama Adaxt" {*Corrode rElec Dex+3}
MR       .....                  (no boots)
Stlth    +++.......             (no amulet)
Regen    0.2/turn               (no ring)
                                i - ring of stealth

@: no status effects
A: no striking features
a: Evoke Invisibility


You were on level 6 of the Dungeon.
You were very hungry.

You visited 1 branch of the dungeon, and saw 6 of its levels.

You collected 408 gold pieces.
You spent 240 gold pieces at shops.

Inventory:

Armour
 a - a +0 robe (worn)
 b - a +0 hat (worn)
 u - a +2 cloak of invisibility (worn)
 E - the +1 pair of gloves "Qovama Adaxt" (worn) {*Corrode rElec Dex+3}
   (You found it on level 5 of the Dungeon)

   It affects your dexterity (+3).
   It insulates you from electricity.
   It may corrode you when you take damage.
Magical Staves
 v - an uncursed staff of cold (weapon)
 w - an uncursed staff of earth
Jewellery
 i - a ring of stealth (left hand)
Wands
 s - a wand of clouds (4/9)
 t - a wand of flame (22/48)
 D - a wand of lightning (7/15)
Scrolls
 f - a scroll of immolation
 h - 5 scrolls of remove curse
 o - a scroll of blinking
 p - a scroll of teleportation
 y - a scroll of enchant armour
 z - a scroll of fog
Potions
 e - 2 potions of haste
 g - a potion of cure mutation {unknown}
 l - a potion of invisibility {unknown}
 n - 3 potions of agility
 q - 4 potions of curing
 r - a potion of brilliance {unknown}
 A - a potion of might {unknown}
 F - a potion of cancellation {unknown}
Comestibles
 d - 6 bread rations
 k - 3 royal jellies
 m - 2 meat rations
 B - 9 fruits


   Skills:
 - Level 2.4 Dodging
 - Level 2.4 Stealth
 + Level 8.4 Spellcasting
 * Level 8.8 Conjurations
 - Level 1.1 Summonings
 - Level 1.1 Translocations


You had 13 spell levels left.
You knew the following spells:

 Your Spells              Type           Power        Failure   Level  Hunger
a - Magic Dart            Conj           ####         1%          1    None
b - Blink                 Tloc           N/A          6%          2    None
c - Call Imp              Summ           ###.....     6%          2    None
d - Repel Missiles        Chrm/Air       ##....       10%         2    None
e - Mephitic Cloud        Conj/Pois/Air  ####....     6%          3    None


Dungeon Overview and Level Annotations

Branches:
Dungeon (6/15)
 Temple: D:4-7

Altars:
Ashenzari
Dithmenos
Elyvilon
Fedhas
Trog
Uskayaw
Zin

Shops:
D:4 !*:   D:5 (


Message History

The hornet zombie hits you!
* * * LOW HITPOINT WARNING * * *
The orc wizard hits your crimson imp with a dagger.
Your crimson imp blinks!
Your crimson imp hits the orc wizard.
Your crimson imp hits the hornet zombie but does no damage.
The hornet zombie completely misses you.
The orc wizard barely misses your crimson imp.
Your crimson imp barely misses the orc wizard.
The orc wizard casts a spell at you.
Your crimson imp easily resists.
Your crimson imp barely misses the hornet zombie.
Your crimson imp blinks!
Casting: Magic Dart
Confirm with . or Enter, or press ? or * to list all spells.
A beastly little devil appears in a puff of flame.
The hornet zombie closely misses you.
Your crimson imp blinks!
The hornet zombie hits you!
You die...

..# #.#*#...###..# #.# #.#
#...#...[# #.###.# #...#...5#
############# #..##.#
##(##....# #<..........#
##.##.# #.#...5.#
###########.# #..#.#
#Wo..ยง5.# #.# ##.#.#
######.########### #.# #...#
#Z###.......#####.# ##..#
#.@5........<...... #..#
#.###........###### #..# ###
#.......)..(.(. #..#
##############. #..# #.
#..##################### #.
##>..................#.######.
###################.#........
#.#.#######


You could see a hornet zombie and 3 friendly crimson imps.

Vanquished Creatures
  A centaur (D:6)
  A wight (D:6)
  3 crimson imps
  2 hounds
  Crazy Yiuf (D:4)
  An orc priest (D:5)
  4 bullfrog skeletons
  Natasha (D:3)
  An iguana (D:4)
  3 worker ants
  A hound zombie (D:6)
  A hound skeleton (D:4)
  A worker ant zombie (D:4)
  Robin (D:3)
  6 adders
  2 gnolls (D:4)
  2 dart slugs
  4 worms (D:3)
  4 leopard geckos
  4 orcs
  7 bats
  3 giant cockroaches
  20 goblins
  20 hobgoblins
  2 jackals (D:3)
  3 quokkas
  4 ball pythons
  2 frilled lizards
  6 kobolds
  A leopard gecko skeleton (D:6)
  2 quokka skeletons
  9 rats
123 creatures vanquished.

Vanquished Creatures (collateral kills)
  The ghost of Leszczynek the Caller, an amateur DEWn of Elyvilon (D:6)
  A phantom (D:4)
  An ice beast (D:4)
  A crimson imp (D:5)
  A hound (D:5)
  An orc priest (D:5)
  A centaur skeleton (D:5)
  2 orcs (D:5)
9 creatures vanquished.

Grand Total: 132 creatures vanquished

Notes
Turn   | Place    | Note
-------+----------+-------------------------------------------
     0 | D:1      | Klosterheim the Deep Elf Wizard began the quest for the Orb.
     0 | D:1      | Reached XP level 1. HP: 10/10 MP: 7/7
   174 | D:1      | Reached XP level 2. HP: 10/15 MP: 4/9
   841 | D:2      | Reached XP level 3. HP: 19/19 MP: 6/11
  1251 | D:2      | Reached skill level 5 in Spellcasting
  1394 | D:2      | Reached XP level 4. HP: 20/24 MP: 3/13
  2277 | D:3      | Found a white marble altar of Elyvilon.
  2459 | D:3      | Noticed Robin
  2468 | D:3      | Killed Robin
  2498 | D:3      | Found a shattered altar of Ashenzari.
  2498 | D:3      | Found a hide-covered altar of Uskayaw.
  2509 | D:3      | Found a bloodstained altar of Trog.
  2512 | D:3      | Found a glowing silver altar of Zin.
  2768 | D:3      | Reached XP level 5. HP: 28/28 MP: 4/15
  2937 | D:3      | Noticed Natasha
  2946 | D:3      | Killed Natasha
  3149 | D:3      | Learned a level 2 spell: Blink
  3152 | D:3      | Learned a level 2 spell: Call Imp
  3155 | D:3      | Learned a level 2 spell: Repel Missiles
  3159 | D:3      | Learned a level 3 spell: Mephitic Cloud
  3367 | D:4      | Reached skill level 5 in Conjurations
  3582 | D:4      | Found a runed door.
  3586 | D:4      | Noticed Crazy Yiuf
  3607 | D:4      | Killed Crazy Yiuf
  3607 | D:4      | Reached XP level 6. HP: 20/32 MP: 1/17
  3848 | D:4      | Found Ymuarr's Book Emporium.
  3849 | D:4      | Found Nimocwa's Assorted Antiques.
  3860 | D:4      | Noticed an ice beast
  3893 | D:4      | Killed an ice beast
  3977 | D:4      | Bought a weird smoking staff for 240 gold pieces
  3983 | D:4      | Found a blossoming altar of Fedhas.
  4417 | D:4      | Found a shadowy altar of Dithmenos.
  4496 | D:4      | Found Reaseywn's Distillery.
  4510 | D:4      | Reached XP level 7. HP: 22/36 MP: 4/19
  5129 | D:5      | Entered Level 5 of the Dungeon
  5346 | D:5      | Found Onauj's Weapon Boutique.
  5556 | D:5      | Got a pair of fine gloves
  5562 | D:5      | Identified the +1 pair of gloves "Qovama Adaxt" {*Corrode rElec Dex+3} (You found it on level 5 of the Dungeon)
  6374 | D:6      | Noticed Leszczynek's ghost (amateur DEWn)
  6386 | D:6      | Killed Leszczynek's ghost
  6386 | D:6      | Reached XP level 8. HP: 30/41 MP: 11/22
  6619 | D:6      | Mangled by a hornet zombie

Vault maps used:
D:1:      onia_arrival_pentagram
D:2:      first_bread, grunt_ministairs_3
D:3:      cheibrodos_greedy_goblins, lemuel_coloured_pillars_altar, minitemple,
          uniq_robin, uniq_natasha
D:4:      fedhas_altar_2, nicolae_dithmenos_the_darkroom, serial_shops,
          shop_statue, nicolae_shop_waterfront, nicolae_shop_crystal,
          minmay_misc_feat_roman, uniq_crazy_yiuf_cottage
D:5:      serial_shops, shop, chequers_big_river
D:6:      tgw_sif, okawaru_metal_pillars_3

Skill      XL: |  1  2  3  4  5  6  7 |
---------------+----------------------+-----
Conjurations   | 2 3 4 5 6 8 |  8.8
Spellcasting   | 5 6 8 |  8.4
Dodging        | |  2.4
Stealth        | |  2.4
Summonings     | |  1.1
Translocations | |  1.1

Action                   |  1- 3 |  4- 6 |  7- 9 || total
-------------------------+-------+-------+-------++-------
Melee: Dagger            |     6 |    13 |       ||    19
       Staff             |       |       |     3 ||     3
 Cast: Magic Dart        |    91 |   192 |   123 ||   406
       Mephitic Cloud    |       |     1 |     3 ||     4
       Call Imp          |       |     8 |    23 ||    31
       Blink             |       |     1 |     2 ||     3
       Repel Missiles    |       |       |     1 ||     1
  Use: Scroll            |     2 |     1 |     8 ||    11
 Stab: Confused          |       |     1 |       ||     1
  Eat: Chunk             |     1 |    10 |     5 ||    16
Armor: Robe              |     4 |     8 |     7 ||    19
Dodge: Dodged            |    12 |    37 |    47 ||    96
       Deflected         |       |       |     3 ||     3
